 Dungeon Crawl Stone Soup version 0.30-a0-140-gd1020e658a (webtiles) character file.

Game seed: 14429554434118979178

3 jlumianski the Chopper (level 1, -2/12 HPs)
             Began as a Gargoyle Gladiator on Sept 24, 2022.
             Slain by a gnoll
             ... wielding a +0 club
              (7 damage)
             ... on level 1 of the Dungeon.
             The game lasted 00:00:56 (215 turns).

jlumianski the Chopper (Gargoyle Gladiator)          Turns: 215, Time: 00:00:57

Health: -2/12      AC:  8    Str: 17    XL:     1   Next: 50%
Magic:  1/1        EV: 11    Int:  8    God:
Gold:   10         SH:  0    Dex: 11    Spells: 0/0 levels left

rFire   . . .      SeeInvis .    a - +0 war axe
rCold   . . .      Faith    .    (no shield)
rNeg    + . .      Spirit   .    g - +0 ring mail
rPois   ∞          Reflect  .    c - +0 helmet
rElec   +          Harm     .    (no cloak)
rCorr   .          Rampage  .    (no gloves)
Will    .....                    (no boots)
Stlth   +.........               (no amulet)
HPRegen 0.04/turn                (no ring)
MPRegen 0.07/turn                (no ring)

@: no status effects
A: sickness immunity, AC +2, negative energy resistance 1, electricity
resistance, torment resistance 1, petrification resistance
a: no special abilities


You were on level 1 of the Dungeon.
You visited 1 branch of the dungeon, and saw 1 of its levels.

You collected 10 gold pieces.

Inventory:

Hand Weapons
 a - a +0 war axe (weapon)
Missiles
 d - 3 throwing nets (quivered)
 e - a javelin
Armour
 b - a +0 leather armour
 c - a +0 helmet (worn)
 g - a +0 ring mail (worn)
Scrolls
 f - a scroll of magic mapping {unknown}


   Skills:
 + Level 2.2 Fighting
 + Level 2.8 Axes
 + Level 1.8 Throwing
 + Level 2.4 Dodging


You couldn't memorise any spells.
You didn't know any spells.
Your spell library was empty.

Dungeon Overview and Level Annotations

Branches:
Dungeon (1/15)

Altars:


Innate Abilities, Weirdness & Mutations

You are immune to sickness and miasma.
Your stone body is resilient. (AC +2)
You are immune to poison.
You resist negative energy. (rN+)
You are resistant to electric shocks. (rElec)
You are resistant to unholy torment.
You are immune to petrification.


Message History

The ball python hisses angrily.
You closely miss the ball python.
The ball python bites you but does no damage.
The ball python closely misses you. x2; The ball python grabs you.
The ball python constricts you.
You hit the ball python.
You kill the ball python!
You see here a ball python corpse.
Found 7 stones.
A rat comes into view.
The rat bites you.
You closely miss the rat. The rat misses you. The rat barely misses you.
You closely miss the rat. Your punch misses the rat.
The rat completely misses you.
You closely miss the rat. The rat bites you.
You slash the rat!
You kill the rat!
You see here a rat corpse.
A frilled lizard comes into view.
The frilled lizard bites you.
You hit the frilled lizard.
You kill the frilled lizard!
You see here a frilled lizard corpse.
A gnoll comes into view. It is wielding a +0 club.
The gnoll shouts!
A ball python comes into view.
The gnoll closely misses you. The gnoll misses you.
The gnoll barely misses you. The ball python bites you.
The ball python closely misses you.
The ball python attacks as you move away!
The ball python barely misses you. The ball python closely misses you.
You hit the gnoll.
The gnoll is lightly wounded.
The gnoll hits you with a +0 club.
You hit the gnoll.
The gnoll is heavily wounded.
The gnoll hits you with a +0 club!
Ouch! That really hurt!
You die...

#. #. ## #. .. .#
#.# .#. #.#.... #
#.#.#.##.# #. .....
#.###.#############
#.@gS..............
#####...##.########
#.####.# ...# #.#
#.#.# #.# #..#.#
#.. #. #.# ### ..
#.#


You could see a gnoll and a ball python.

Vanquished Creatures
  A ball python (D:1)
  2 bats (D:1)
  A frilled lizard (D:1)
  A rat (D:1)
5 creatures vanquished.

Notes
Turn   | Place    | Note
-------+----------+-------------------------------------------
     0 | D:1      | jlumianski the Gargoyle Gladiator began the quest for the
                  | Orb.
     0 | D:1      | Reached XP level 1. HP: 12/12 MP: 1/1
   215 | D:1      | Slain by a gnoll

Illustrated notes

Levels and vault maps discovered:
D:1:      shiori_arrival_maze, layout_basic, kennysheep_minor_cross,
          reono_crystal_passage

Action                   || total
-------------------------++-------
Melee: War axe           ||    15
Armor: Leather armour    ||     4
       Ring mail         ||     1
Dodge: Dodged            ||    20

Table legend: (Time is in decaauts)
 A = Elapsed time spent in this place.
 B = Non-inter-level travel time spent in this place.
 C = Inter-level travel time spent in this place.
 D = Time resting spent in this place.
 E = Time spent auto-exploring this place.
 F = Levels seen in this place.
 G = Mean time per level.
                   A        B        C        D        E       F      G
               +--------+--------+--------+--------+--------+-----+--------+
         Total |    219 |    219 |      0 |      0 |    114 |   1 |  219.0 |
       Dungeon |    219 |    219 |      0 |      0 |    114 |   1 |  219.0 |
               +--------+--------+--------+--------+--------+-----+--------+

Top non-repeatable levels by time:
     D:1: 219 daAuts
